AoeStats
← MCGooser

Pilgrims

510128858Analyzed
4v4 RM · 2d ago on Sep 29, 2026· 50m 5s· 8 players
Game mode
Random Map
Map size
Large (8 player)
Population
200
Speed
Normal
Resources
Standard
Victory
Conquest
Starting age
Dark Age
Ending age
Imperial Age
RankedLock teamsTeams togetherTeam positionsShared explorationLock speedFull tech treeHidden civsTurbo modeCheats
Victory
Defeat
🇨🇴 Vietnamese · Colombia
966
+12
🇷🇺 Sicilians · Russia
884
+15
🇲🇽 Teutons · Mexico
839
+17
🇷🇺 Magyars · Russia
756
+21
🇫🇷 Ethiopians · France
967
-20
🇨🇳 Khmer · China
929
-19
🇮🇩 Britons · Indonesia
825
-15
🇹🇷 Khmer · Türkiye
732
-11
Ahtkel
lovemetiger
5:53 Loom
11:23 Feudal Age
12:40 Wheelbarrow
11:54 Double-Bit Axe
19:52 Castle Age
18:30 Horse Collar
18:45 Stone Mining
18:51 Gold Mining
20:09 Scale Barding Armor
21:18 Scale Mail Armor
23:19 Padded Archer Armor
28:05 Fishing Lines
28:42 Gillnets
29:49 Bow Saw
31:28 Hand Cart
32:46 Corvinian Army
39:48 Imperial Age
40:09 Gold Shaft Mining
40:12 Thumb Ring
40:01 Fletching
41:56 Chemistry
41:17 Ballistics
40:43 Crossbowman
41:37 Arbalester
46:14 Chain Mail Armor
46:19 Chain Barding Armor
45:55 Bodkin Arrow
46:16 Leather Archer Armor
46:17 Masonry
47:24 Conscription
48:23 Murder Holes
50:01 Heated Shot
MCGooser
12:56 Feudal Age
12:24 Loom
13:42 Gold Mining
13:41 Double-Bit Axe
17:58 Horse Collar
21:57 Castle Age
21:00 Stone Mining
21:28 Arson
21:58 Forging
24:56 Elite Skirmisher
26:06 Heavy Plow
26:20 Bow Saw
33:02 Imperial Age
32:47 Stone Shaft Mining
31:42 Crossbowman
35:14 Arbalester
35:25 Pikeman
36:38 Crop Rotation
38:19 Fletching
38:30 Padded Archer Armor
38:48 Elite Serjeant
40:42 Capped Ram
42:07 Siege Ram
El Gran Pavka
7:54 Loom
10:16 Feudal Age
13:30 Double-Bit Axe
13:26 Horse Collar
13:41 Fletching
13:53 Padded Archer Armor
20:17 Castle Age
22:58 Bow Saw
22:49 Heavy Plow
22:59 Scale Barding Armor
23:05 Forging
25:05 Husbandry
25:14 Bodkin Arrow
25:35 Leather Archer Armor
28:08 Wheelbarrow
32:41 Imperial Age
30:27 Arson
30:42 Squires
31:13 Ballistics
31:35 Leather Archer Armor
31:21 Elite Skirmisher
36:09 Chemistry
35:48 Imperial Skirmisher
36:23 Elite Battle Elephant
37:08 Pikeman
37:47 Halberdier
40:49 Iron Casting
43:09 Chain Barding Armor
42:50 Scale Mail Armor
42:52 Bracer
43:22 Ring Archer Armor
43:29 Bloodlines
44:34 Hand Cart
44:04 Town Watch
50:47 Two-Man Saw
50:18 Crop Rotation
MC0LEE
Kedyros
8:12 Loom
12:00 Feudal Age
19:37 Castle Age
19:01 Fletching
20:08 Crossbowman
25:28 Thumb Ring
35:39 Padded Archer Armor
39:53 Elite Skirmisher
GibranRakatiwing
6:19 Loom
12:42 Feudal Age
15:24 Wheelbarrow
15:08 Double-Bit Axe
15:15 Gold Mining
18:12 Stone Mining
20:03 Horse Collar
21:25 Town Watch
24:35 Forging
25:18 Scale Barding Armor
31:42 Castle Age
30:35 Fletching
30:46 Padded Archer Armor
33:25 Heavy Plow
33:36 Bow Saw
34:05 Gold Shaft Mining
35:31 Ballistics
34:53 Treadmill Crane
35:28 Bodkin Arrow
37:54 Yeomen
42:10 Leather Archer Armor
45:17 Imperial Age
49:20 Chemistry
48:28 Bracer
48:59 Ring Archer Armor
49:25 Fishing Lines
蒙式战车
12:39 Loom
15:16 Feudal Age
19:08 Castle Age
27:57 Tusk Swords
39:10 Imperial Age
Connection lost

Rejoining the realm…

Still unreachable

The connection could not be restored.

Session expired

The server has moved on; the page needs a fresh start.